 Dungeon Sprint DCSS version 0.13.2 (webtiles) character file.

1263 DimondSprtn the Basher (level 7, -3/79 HPs)
             Began as an Ogre Berserker on Mar 9, 2017.
             Was a Priest of Trog.
             Slain by an ice devil (12 damage)
             ... summoned by a kobold demonologist
             ... while paralysed by a giant eyeball
             ... in the Dungeon (Sprint I: "Red Sonja").
             The game lasted 00:03:07 (381 turns).

DimondSprtn the Basher (Ogre Berserker)              Turns: 381, Time: 00:03:08

HP  -3/79        AC  3     Str 25      XL: 7   Next: 99%
MP   6/6         EV  1     Int  6      God: Trog [***...]
Gold 425         SH  0     Dex  7 (9)  Spells:  0 memorised,  6 levels left

Res.Fire  : . . .   See Invis. : .   j - +0,-1 giant club
Res.Cold  : . . .   Warding    : .   b - +0 animal skin
Life Prot.: . . .   Conserve   : .   (shield restricted)
Res.Poison: .       Res.Corr.  : .   (helmet restricted)
Res.Elec. : .       Clarity    : .   (no cloak)
Sust.Abil.: . .     Spirit.Shd : .   (gloves unavailable)
Res.Mut.  : .       Prev.Telep.: +   (boots unavailable)
Res.Rott. : .       Flight     : .   (no amulet)
Saprovore : + . .                    (no ring)
                                     (no ring)

@: paralysed, exhausted, slowed, slightly resistant to hostile enchantments,
very unstealthy
A: unfitting armour, fast metabolism 1, saprovore 1, tough skin 1
a: Burn Spellbooks, Berserk, Trog's Hand, Renounce Religion


You were in the Dungeon.
You worshipped Trog.
Trog was most pleased with you.
You were near starving.

You visited 1 branch You collected 405 gold pieces.

Inventory:

Hand weapons
 a - a +0,+0 mace
 j - a +0,-1 giant club (weapon)
Armour
 b - a +0 animal skin (worn)
Comestibles
 c - 2 meat rations
Scrolls
 i - a scroll of blinking
 l - a scroll of enchant weapon II {unknown}
Potions
 d - a potion of curing
 e - a potion of heal wounds
 f - a potion of speed
 g - 2 potions of magic
 h - a potion of berserk rage


   Skills:
 + Level 11.5 Fighting
 + Level 12.5 Maces & Flails
 + Level 10.7 Dodging


You had 6 spell levels left.
You didn't know any spells.

Dungeon Overview and Level Annotations

Branches:
Dungeon (1/1)

Altars:
Elyvilon
Kikubaaqudgha
Makhleb
Trog
Vehumet
Xom
Yredelemnul
Zin

Shops:
D [


Innate Abilities, Weirdness & Mutations

You are too large for most types of armour.
You have a fast metabolism.
You can tolerate rotten meat.
You have tough skin (AC +1).


Message History

The crimson imp hits you.
The kobold demonologist casts a spell.
The giant eyeball stares at you.
You suddenly lose the ability to move!
The kobold demonologist hits you but does no damage.
The crimson imp hits you.
The ice devil hits you but does no damage.
The ynoxinul hits you but does no damage.
The crimson imp hits you.
The kobold demonologist hits you but does no damage.
The ice devil hits you! The ice devil freezes you!
* * * LOW HITPOINT WARNING * * *
The ynoxinul gestures.
The kobold demonologist gestures wildly while chanting.
The crimson imp hits you but does no damage.
The giant eyeball stares at you. You resist. The ynoxinul hits you.
* * * LOW HITPOINT WARNING * * *
The ice devil hits you!
* * * LOW HITPOINT WARNING * * *
The ice devil freezes you!
You die...

######################
..'..#..'..#__#5@K5G5#
..#..'%.#..'%.533#45.#
####'#####'#__####5..+
###..#...#.#### ####
_.####..##.#
.....##'#..+
_.∩...'..._#
.....##_.#+#
_._._###+#


You could see an ice devil, a hellwing, a ynoxinul, a kobold demonologist, a
giant eyeball, a quasit, 2 crimson imps, a lemure and an ufetubus.

Vanquished Creatures
  A giant amoeba (D)
  An elephant slug (D)
  A kobold demonologist (D)
  An ogre (D)
  Sigmund (D)
  A jelly (D)
  Ijyb (D)
7 creatures vanquished.

Notes
Turn   | Place    | Note
--------------------------------------------------------------
     0 | D        | DimondSprtn, the Ogre Berserker, began the quest for the Orb.
     0 | D        | Reached XP level 1. HP: 23/23 MP: 0/0
     1 | D        | Noticed Ijyb
    18 | D        | Killed Ijyb
    18 | D        | Reached skill level 5 in Fighting
    18 | D        | Reached skill level 5 in Maces & Flails
    18 | D        | Reached XP level 2. HP: 20/32 MP: 1/1
   133 | D        | Noticed an ogre
   137 | D        | Killed an ogre
   137 | D        | Reached skill level 6 in Fighting
   137 | D        | Reached skill level 7 in Maces & Flails
   137 | D        | Reached XP level 3. HP: 40/40 MP: 2/2
   137 | D        | Reached XP level 4. HP: 49/49 MP: 3/3
   151 | D        | Noticed Sigmund
   154 | D        | Killed Sigmund
   154 | D        | Acquired Trog's second power
   154 | D        | Reached skill level 8 in Fighting
   154 | D        | Reached XP level 5. HP: 44/58 MP: 4/4
   236 | D        | Found a radiant altar of Vehumet.
   237 | D        | Noticed a jelly
   238 | D        | Found a radiant altar of Vehumet.
   241 | D        | Killed a jelly
   241 | D        | Reached skill level 9 in Maces & Flails
   261 | D        | Found a bloodstained altar of Trog.
   261 | D        | Found Inost's Antique Armour Emporium.
   261 | D        | Found a burning altar of Makhleb.
   261 | D        | Found a glowing silver altar of Zin.
   261 | D        | Noticed an elephant slug
   267 | D        | Killed an elephant slug
   267 | D        | Reached skill level 10 in Maces & Flails
   267 | D        | Reached XP level 6. HP: 68/68 MP: 5/5
   268 | D        | Found a shimmering altar of Xom.
   269 | D        | Found an ancient bone altar of Kikubaaqudgha.
   305 | D        | Found a burning altar of Makhleb.
   305 | D        | Found a white marble altar of Elyvilon.
   305 | D        | Found a white marble altar of Elyvilon.
   305 | D        | Found a basalt altar of Yredelemnul.
   305 | D        | Noticed a giant amoeba
   309 | D        | Killed a giant amoeba
   309 | D        | Reached skill level 11 in Fighting
   309 | D        | Reached skill level 12 in Maces & Flails
   309 | D        | Reached skill level 10 in Dodging
   309 | D        | Reached XP level 7. HP: 78/78 MP: 6/6
   363 | D        | Noticed a kobold demonologist
   364 | D        | Noticed a kobold demonologist
   367 | D        | Killed a kobold demonologist
   367 | D        | Paralysed by a giant eyeball for 4 turns
   377 | D        | Noticed a hellwing
   378 | D        | Paralysed by a giant eyeball for 4 turns
   379 | D        | Noticed an ice devil
   379 | D        | Noticed a ynoxinul
   381 | D        | Slain by an ice devil

Action                   |  1- 3 |  4- 6 |  7- 9 || total
-------------------------+-------+-------+-------++-------
Melee: Mace              |    18 |       |       ||    18
       Giant club        |       |    13 |     8 ||    21
Invok: Berserk           |     1 |     2 |     1 ||     4
